Map: Incorporeal LE

Players

GunsNRoaches - Winner!

  • Race: Zerg Zerg
  • League: Platinum
  • Spawn Location: 5:00

ManlyManMeat

  • Race: Zerg Zerg
  • League: Platinum
  • Spawn Location: 11:00

VOD

Have the link to the VOD?

Description

Time

  • Played on: June 20, 2025, 5:09 p.m.
  • Length: 4:21
Show
View Real Time Build Order
Export as new Build Order

GunsNRoaches Zerg - Winner!

Build Orders: Pool First 

Get SALT Encoding   

  12  0:00  Drone  
  13  0:15  Overlord  
  13  0:19  Drone  
  14  0:39  Drone x2  
  14  0:40  Spawning Pool  
  15  0:44  Drone  
  15  0:47  Extractor  
  15  0:52  Drone  
  16  1:04  Drone  
  17  1:17  Drone  
  18  1:28  Queen  
  18  1:32  Zergling x2  
  21  1:34  Hatchery  
  21  1:39  Drone  
  21  1:45  Overlord  
  21  1:57  Drone  
  22  2:09  Queen  
  22  2:11  Zergling x2  
  22  2:15  Metabolic Boost  
  25  2:17  Zergling x2  
  26  2:31  Zergling x2  
  26  2:36  Baneling Nest  
  26  2:38  Zergling x4  
  26  2:39  Zergling x2  
  29  2:44  Overlord  
  29  2:54  Zergling x2  
  29  2:55  Zergling x2  
  30  3:11  Zergling x6  
  33  3:21  Zergling x4  
  33  3:22  Zergling x6  
  38  3:37  Zergling x4  
  33  3:46  Baneling x4  
  32  3:55  Zergling x10  
  32  4:18  Roach Warren  
Show
View Real Time Build Order
Export as new Build Order

ManlyManMeat Zerg 

Build Orders: Hatch First 

Get SALT Encoding   

  12  0:00  Drone  
  13  0:08  Drone  
  13  0:13  Extractor  
  13  0:16  Drone  
  15  0:22  Overlord  
  15  0:41  Drone  
  16  0:48  Hatchery  
  15  0:50  Drone  
  15  0:54  Drone  
  17  1:05  Extractor  
  17  1:09  Spawning Pool  
  15  1:13  Drone  
  15  1:17  Drone  
  17  1:20  Drone  
  18  1:26  Drone  
  19  1:37  Drone  
  20  1:47  Drone  
  21  1:59  Queen x2  
  21  2:00  Zergling x2  
  26  2:12  Zergling x2  
  26  2:15  Overlord  
  27  2:17  Drone, Metabolic Boost  
  28  2:43  Drone x2  
  30  2:55  Drone x3  
  33  2:58  Baneling Nest  
  33  3:02  Hatchery  
  29  3:15  Zergling x12  
  29  3:16  Zergling x2  
  36  3:29  Baneling Nest  
  32  3:44  Drone  
  32  3:45  Drone  
  36  3:58  Overlord  
Tags
 
Add a new tag
Caveats
  • Supply blocks, unpowered buildings, or Contaminate may cause inaccurate times.
  • Supply counts are checked every 10 seconds.